 Dungeon Crawl Stone Soup version 0.16.2-2-g470672f (webtiles) character file.

121 SirGodfroy the Insei (level 4, -1/35 HPs)
             Began as a Vampire Monk on Aug 23, 2015.
             Was a Believer of Okawaru.
             Slain by a worm (6 damage)
             ... on level 2 of the Dungeon.
             The game lasted 00:17:41 (1227 turns).

SirGodfroy the Insei (Vampire Monk)                 Turns: 1227, Time: 00:17:42

Health: -1/35      AC:  4    Str: 10    XL:     4   Next: 77%
Magic:  4/4        EV: 15    Int: 12    God:    Okawaru [**....]
Gold:   98         SH:  0    Dex: 17    Spells: 0 memorised, 3 levels left

rFire  + . .     SeeInvis +       - Unarmed
rCold  . . .     Clarity  .     i - +2 robe {rF+}
rNeg   + . .     SustAb   .     (no shield)
rPois  .         Gourm    .     (no helmet)
rElec  .         Spirit   .     (no cloak)
rCorr  .         Warding  .     (no gloves)
rMut   .         Stasis   .     (no boots)
MR     .....                    (no amulet)
Stlth  +++.......               (no ring)
                                (no ring)

@: not resistant to hostile enchantments, fairly stealthy
A: bottle blood, fangs 3, see invisible, unbreathing
a: Bat Form, Heroism, Renounce Religion


You were on level 2 of the Dungeon.
You worshipped Okawaru.
Okawaru was pleased with you.
You were not thirsty.

You visited 1 branch of the dungeon, and saw 2 of its levels.

You collected 98 gold pieces.

Inventory:

Armour
 i - a +2 robe of fire resistance (worn)
Jewellery
 j - an uncursed amulet of the gourmand
Scrolls
 a - a scroll of recharging {unknown}
 d - a scroll of identify
 f - 2 scrolls of remove curse
 g - a scroll of blinking
 h - 2 scrolls of teleportation
Potions
 b - a potion of blood
 c - a potion of haste {unknown}
 k - a potion of resistance {unknown}


   Skills:
 + Level 3.2 Fighting
 + Level 4.5 Dodging
 + Level 3.7 Stealth
 + Level 5.2 Unarmed Combat


You had 3 spell levels left.
You didn't know any spells.

Dungeon Overview and Level Annotations

Branches:
Dungeon (2/15)

Altars:
Nemelex Xobeh
Okawaru


Innate Abilities, Weirdness & Mutations

You can bottle blood from corpses.
You have razor-sharp teeth.
You have supernaturally acute eyesight.
You can survive without breathing.


Message History

You are no longer poisoned.
You start resting.
A worm is nearby!
You start resting.
You start resting.
A rat comes into view.
You barely miss the worm.
The kobold shouts!
You punch the worm.
The worm is severely wounded.
The worm bites you.
* * * LOW HITPOINT WARNING * * *
You barely miss the worm.
The worm is severely wounded.
The kobold throws a stone.
The stone closely misses you.
The stone hits the worm but does no damage.
You hit the worm.
The worm is severely wounded.
The worm bites you.
You die...

..........###..........#..#####..
...........####.K..#...#.## #..
#[.........#####.......#.# ##..
#...>....................### #...
#..........###.............###...
#..........#.r...÷...............
.............#..........##...##..
...........###.......##..[.......
...........#...#@................
#........r....##w........###)....
#......r....#.#..........# ##....
..............[...######.# #....
.........#######....# ##.####....
.........# #.##.###....##.†..
........## #.####8###..##....
.......## #.##._._.#..###...
#...#..# ##.###...##..# ##.#


You could see a worm, a kobold and a rat.

Vanquished Creatures
  Jessica (D:2)
  5 adders (D:2)
  A worm (D:2)
  3 giant geckos
  5 giant cockroaches
  3 goblins (D:1)
  8 hobgoblins
  5 kobolds
  3 quokkas (D:2)
  2 ball pythons (D:1)
  8 bats
  4 giant newts
  2 jackals (D:1)
  6 rats
56 creatures vanquished.

Notes
Turn   | Place    | Note
--------------------------------------------------------------
     0 | D:1      | SirGodfroy, the Vampire Monk, began the quest for the Orb.
     0 | D:1      | Reached XP level 1. HP: 17/17 MP: 1/1
   390 | D:1      | Reached XP level 2. HP: 23/23 MP: 2/2
   732 | D:2      | Reached XP level 3. HP: 24/28 MP: 3/3
   733 | D:2      | Reached skill level 5 in Unarmed Combat
   918 | D:2      | Reached XP level 4. HP: 26/35 MP: 4/4
  1017 | D:2      | Found a sparkling altar of Nemelex Xobeh.
  1018 | D:2      | Found an iron altar of Okawaru.
  1022 | D:2      | Became a worshipper of Warmaster Okawaru
  1022 | D:2      | Acquired Okawaru's first power
  1055 | D:2      | Noticed Jessica
  1073 | D:2      | Killed Jessica
  1227 | D:2      | Slain by a worm

Action                   |  1- 3 |  4- 6 || total
-------------------------+-------+-------++-------
Melee: Unarmed           |   138 |    50 ||   188
  Use: Scroll            |     5 |       ||     5
 Stab: Sleeping          |     5 |     3 ||     8
  Eat: Corpse            |     6 |       ||     6
